AoeStats
← MZTK | GaboxNet .i.

MegaRandom

509843039Analyzed
4v4 RM · 5d ago on Sep 28, 2026· 16m 58s· 8 players
Game mode
Random Map
Map size
Large (8 player)
Population
200
Speed
Normal
Resources
Standard
Victory
Conquest
Starting age
Dark Age
Ending age
Imperial Age
RankedLock teamsTeams togetherTeam positionsShared explorationLock speedFull tech treeHidden civsTurbo modeCheats
Victory
Defeat
🇲🇽 Vietnamese · Mexico
1234
+15
🇲🇽 Georgians · Mexico
1204
+17
🇺🇸 Persians · United States
1178
+18
🇲🇽 Mongols · Mexico
1101
+21
🇨🇳 Wei · China
1247
-19
🇰🇷 Byzantines · South Korea
1236
-19
🇸🇪 Franks · Sweden
1197
-17
🇨🇳 Mongols · China
1183
-16
Hans Solo
13:14 Feudal Age
Goembal
0:33 Loom
11:31 Feudal Age
12:01 Double-Bit Axe
16:53 Wheelbarrow
2459320143
11:06 Feudal Age
12:23 Double-Bit Axe
14:27 Loom
16:45 Castle Age
苍真
12:19 Feudal Age
14:51 Double-Bit Axe
18:01 Castle Age
_MZTK_SIRO_
7:22 Loom
10:26 Feudal Age
11:02 Double-Bit Axe
MZTK | GaboxNet .i.
10:17 Feudal Age
11:27 Loom
11:55 Bloodlines
13:59 Forging
MZTK | PinPon
6:43 Loom
11:10 Feudal Age
13:24 Wheelbarrow
16:52 Castle Age
14:57 Double-Bit Axe
15:12 Horse Collar
MZTK l ROD
8:28 Loom
10:26 Feudal Age
11:26 Double-Bit Axe
11:41 Gold Mining
13:11 Fletching
Connection lost

Rejoining the realm…

Still unreachable

The connection could not be restored.

Session expired

The server has moved on; the page needs a fresh start.